 Dungeon Crawl Stone Soup version 0.21-a0-26-g7b23a2f (webtiles) character file.

85 azrac the Chopper (level 4, -1/40 HPs)
             Began as a Hill Orc Fighter on May 25, 2017.
             Killed from afar by Natasha (8 damage)
             ... with a wand of flame (?/48)
             ... on level 2 of the Dungeon.
             The game lasted 00:03:50 (1943 turns).

azrac the Chopper (Hill Orc Fighter)                Turns: 1943, Time: 00:03:52

Health: -1/40      AC:  9    Str: 19    XL:     4   Next: 48%
Magic:  4/4        EV:  5    Int:  8    God:
Gold:   77         SH:  9    Dex: 10    Spells: 3/3 levels left

rFire    . . .     SeeInvis .   a - +0 war axe
rCold    . . .     Gourm    .   c - +0 shield
rNeg     . . .     Faith    .   m - +0 chain mail
rPois    .         Spirit   .   (no helmet)
rElec    .         Reflect  .   (no cloak)
rCorr    .         Harm     +   (no gloves)
MR       .....                  (no boots)
Stlth    ..........             q - amulet of harm
Regen    0.2/turn               (no ring)
MPRegen  0.1/turn               (no ring)

@: no status effects
A: no striking features
a: no special abilities


You were on level 2 of the Dungeon.
You were not hungry.

You visited 1 branch of the dungeon, and saw 2 of its levels.

You collected 77 gold pieces.

Inventory:

Hand Weapons
 a - a +0 war axe (weapon)
Armour
 c - a +0 shield (worn)
 m - a +0 chain mail (worn)
Jewellery
 q - an amulet of harm (around neck)
Scrolls
 e - 2 scrolls of fear {unknown}
 g - 2 scrolls of identify {unknown}
 h - a scroll of recharging {unknown}
 j - a scroll of amnesia {unknown}
 k - a scroll of remove curse {unknown}
Potions
 d - a potion of might
 l - a potion of lignification {unknown}
 n - a potion of flight {unknown}
 o - a potion of heal wounds {unknown}
 p - 2 potions of magic {unknown}
Comestibles
 f - 3 bread rations
 i - a meat ration


   Skills:
 + Level 4.2 Fighting
 * Level 4.2 Axes
 + Level 4.1 Armour
 + Level 3.7 Shields


You had 3 spell levels left.
You didn't know any spells.

Dungeon Overview and Level Annotations

Branches:
Dungeon (2/15)

Altars:
Wu Jian

Annotations:
D:2 Natasha


Message History

You completely miss Natasha.
Natasha is severely wounded.
Natasha howls an incantation.
You feel disoriented. Natasha casts a spell at you. The magic dart hits you!
Natasha claws you.
You completely miss Natasha.
Natasha is severely wounded.
You block Natasha's attack.
You closely miss Natasha.
Natasha is severely wounded.
Natasha zaps a wand.
The puff of flame misses you.
You miss Natasha.
Natasha is severely wounded.
Natasha claws you.
Natasha zaps a wand.
The puff of flame hits you!
* * * LOW HITPOINT WARNING * * *
You closely miss Natasha.
Natasha is severely wounded.
Natasha zaps a wand.
The puff of flame hits you!
You die...

# #....####.#
##.....## #
#..#..# #.#
##...## #
#.....# #.#
##+## # #.###.#
#.# #
#.###.###.# ###
# #.........#
.. . #
#####.##### .#
...
#.######.#.....
#......@h......
########.##..#.
.# .# .# .. ##


You could see Natasha.

Vanquished Creatures
  Natasha (twice) (D:2)
  A worm (D:2)
  2 dart slugs
  A leopard gecko (D:1)
  2 ball pythons
  5 bats
  A giant cockroach (D:1)
  A hobgoblin (D:1)
  2 quokkas (D:2)
  A frilled lizard (D:1)
  4 goblins (D:1)
  4 kobolds
  3 rats
29 creatures vanquished.

Notes
Turn   | Place    | Note
-------+----------+-------------------------------------------
     0 | D:1      | azrac the Hill Orc Fighter began the quest for the Orb.
     0 | D:1      | Reached XP level 1. HP: 19/19 MP: 1/1
   478 | D:1      | Reached XP level 2. HP: 27/27 MP: 2/2
  1005 | D:2      | Reached XP level 3. HP: 33/33 MP: 3/3
  1199 | D:2      | Noticed Natasha
  1206 | D:2      | Killed Natasha
  1492 | D:2      | Reached XP level 4. HP: 40/40 MP: 4/4
  1593 | D:2      | Found an ornate altar of the Wu Jian Council.
  1709 | D:2      | Noticed Natasha
  1720 | D:2      | Killed Natasha
  1922 | D:2      | Noticed Natasha
  1943 | D:2      | Killed from afar by Natasha

Vault maps used:
D:1:      dpeg_arrival_oval, minmay_misc_feat_rows
D:2:      overflow_temple_1_default, first_bread, uniq_natasha

Skill      XL: |  1  2  3  4 |
---------------+-------------+-----
Axes           | 3 4 |  4.2
Fighting       | 4 |  4.2
Armour         | 4 |  4.1
Shields        | |  3.7

Action                   |  1- 3 |  4- 6 || total
-------------------------+-------+-------++-------
Melee: War axe           |    75 |    29 ||   104
  Eat: Chunk             |     2 |     1 ||     3
Armor: Scale mail        |    19 |       ||    19
       Chain mail        |    16 |    10 ||    26
Dodge: Dodged            |    20 |     5 ||    25
Block: Shield            |    41 |     8 ||    49
